 Dungeon Crawl Stone Soup version 0.28-a0-1616-g050a50673c (webtiles) character file.

Game seed: 2219402572530364648

67 hashsling the Skirmisher (level 4, -10/40 HPs)
             Began as a Hill Orc Fighter on Jan 22, 2022.
             Mangled by a hornet zombie (11 damage)
             ... on level 3 of the Dungeon.
             The game lasted 00:03:37 (2368 turns).

hashsling the Skirmisher (Hill Orc Fighter)         Turns: 2368, Time: 00:03:37

Health: -10/40     AC:  9    Str: 20    XL:     4   Next: 18%
Magic:  4/4        EV:  7    Int: 13    God:
Gold:   139        SH:  4    Dex: 10    Spells: 3/3 levels left

rFire   + . .      SeeInvis .   i - +3 mace "Biusasy" {vorpal, +Blink rF+ Int+5}
rCold   . . .      Faith    .   c - +0 buckler
rNeg    . . .      Spirit   .   l - +0 chain mail
rPois   .          Reflect  .   (no helmet)
rElec   .          Harm     .   (no cloak)
rCorr   .          Rampage  .   (no gloves)
Will    .....                   (no boots)
Stlth   ..........              (no amulet)
HPRegen 0.13/turn               (no ring)
MPRegen 0.09/turn               (no ring)

@: no status effects
A: no striking features
a: Evoke Blink


You were on level 3 of the Dungeon.
You visited 1 branch of the dungeon, and saw 3 of its levels.

You collected 139 gold pieces.

Inventory:

Hand Weapons
 a - a +0 war axe
 i - the +3 mace "Biusasy" (weapon) {vorpal, +Blink rF+ Int+5}
   (You found it on level 2 of the Dungeon)

   It inflicts extra damage upon your enemies.
   Int:       It affects your intelligence (+5).
   rF:        It protects you from fire.
   +Blink:    It lets you blink.
Armour
 c - a +0 buckler (worn)
 h - a +0 scale mail of fire resistance
 l - a +0 chain mail (worn)
Jewellery
 f - a ring of wizardry
 k - a ring of protection from fire
Scrolls
 e - a scroll of vulnerability {unknown}
 g - a scroll of identify {unknown}
 j - a scroll of teleportation {unknown}
Potions
 b - a potion of invisibility {unknown}
 d - a potion of might


   Skills:
 + Level 4.2 Fighting
 - Level 3.3(3.5) Axes
 + Level 1.2(2.1) Maces & Flails
 + Level 3.9 Armour
 + Level 3.9 Shields


You had 3 spell levels left.
You didn't know any spells.
Your spell library contained the following spells:

 Spells                   Type           Power      Damage    Failure   Level
 Petrify                  Tmut/Erth      0%         N/A       100%        4
 Metabolic Englaciation   Hex/Ice        0%         N/A       100%        5
 Statue Form              Tmut/Erth      0%         N/A       100%        6


Dungeon Overview and Level Annotations

Branches:
Dungeon (3/15)

Altars:

Shops:
D:2 (


Message History

You hit the hornet zombie.
The hornet zombie is heavily damaged.
You block the hornet zombie's attack. The hornet zombie hits you.
You barely miss the hornet zombie.
The hornet zombie is heavily damaged.
The hornet zombie hits you but does no damage.
You closely miss the hornet zombie.
The hornet zombie is heavily damaged.
You block the hornet zombie's attack.
The hornet zombie hits you but does no damage.
You barely miss the hornet zombie.
The hornet zombie is heavily damaged.
The hornet zombie hits you. x2
You hit the hornet zombie.
The hornet zombie is heavily damaged.
The hornet zombie hits you but does no damage.
The hornet zombie hits you!
You are too injured to fight recklessly!
You hit the hornet zombie.
The hornet zombie is severely damaged.
The hornet zombie misses you. The hornet zombie barely misses you.
You barely miss the hornet zombie.
The hornet zombie is severely damaged.
The hornet zombie hits you.
* * * LOW HITPOINT WARNING * * *
You sock the hornet zombie!
The hornet zombie is almost destroyed.
You block the hornet zombie's attack. The hornet zombie hits you!
* * * LOW HITPOINT WARNING * * *
You barely miss the hornet zombie.
The hornet zombie is almost destroyed.
The hornet zombie hits you but does no damage. x2
You hit the hornet zombie but do no damage.
The hornet zombie is almost destroyed.
The hornet zombie barely misses you.
The hornet zombie hits you but does no damage.
You hit the hornet zombie.
The hornet zombie is almost destroyed.
The hornet zombie hits you!
You die...

#. ... .#
##.###### #.#
........# #.#
#....#.####.##
#......#.....
#......#.##.#
#.Z@#.##.#
#..?....†#
#.#.#.##.#.#...
#.#....<........
# #........###+#
#.####.#.# #..
...... ###
#.#.### ..#..


You could see a hornet zombie.

Vanquished Creatures
  2 adders (D:2)
  2 dart slugs (D:1)
  5 bats
  3 endoplasms
  3 giant cockroaches (D:2)
  A goblin (D:2)
  5 hobgoblins
  9 jackals
  3 ball pythons
  2 frilled lizards (D:1)
  4 kobolds
  2 rats
41 creatures vanquished.

Notes
Turn   | Place    | Note
-------+----------+-------------------------------------------
     0 | D:1      | hashsling the Hill Orc Fighter began the quest for the Orb.
     0 | D:1      | Reached XP level 1. HP: 19/19 MP: 1/1
   102 | D:1      | Reached XP level 2. HP: 19/27 MP: 2/2
   204 | D:1      | Found a faded altar of an unknown god.
   904 | D:1      | Reached skill level 4 in Fighting
   904 | D:1      | Reached XP level 3. HP: 19/33 MP: 3/3
  1778 | D:2      | Found Tytec's Weapon Shop.
  1791 | D:2      | Identified the +3 mace "Biusasy" {vorpal, +Blink rF+ Int+5}
  2232 | D:2      | Reached skill level 1 in Maces & Flails
  2232 | D:2      | Reached XP level 4. HP: 40/40 MP: 4/4
  2365 | D:3      | HP: 1/40 [hornet zombie (8)]
  2368 | D:3      | Mangled by a hornet zombie

Illustrated notes

Levels and vault maps discovered:
D:1:      mrwooster_arrival_statue, layout_basic,
          shapermc_ecumenical_altar_petra, minmay_pentomino_x2
D:2:      layout_rooms, serial_shops, nicolae_shop_trees, st_stairs_8,
          minivault_27, nrook_campfire, minmay_increasing_density
D:3:      layout_basic, mainiacjoe_overflow_alcove_4,
          nicolae_overflow_hidden_temple

Skill      XL: |  1  2  3 |
---------------+----------+-----
Axes           | 3 |  3.3
Fighting       | 4 |  4.2
Maces & Flails | 1 |  1.2
Armour         | |  3.9
Shields        | |  3.9

Action                   |  1- 3 |  4- 6 || total
-------------------------+-------+-------++-------
Melee: War axe           |    74 |       ||    74
       Mace              |    25 |    23 ||    48
Armor: Scale mail        |    59 |     1 ||    60
       Chain mail        |       |     8 ||     8
Dodge: Dodged            |    48 |     9 ||    57
Block: Buckler           |    19 |     4 ||    23

Table legend: (Time is in decaauts)
 A = Elapsed time spent in this place.
 B = Non-inter-level travel time spent in this place.
 C = Inter-level travel time spent in this place.
 D = Time resting spent in this place.
 E = Time spent auto-exploring this place.
 F = Levels seen in this place.
 G = Mean time per level.
                   A        B        C        D        E       F      G
               +--------+--------+--------+--------+--------+-----+--------+
         Total |   2411 |   2336 |     75 |      0 |   1993 |   3 |  803.7 |
       Dungeon |   2411 |   2336 |     75 |      0 |   1993 |   3 |  803.7 |
               +--------+--------+--------+--------+--------+-----+--------+

Top non-repeatable levels by time:
     D:1: 1558 daAuts
     D:2: 825 daAuts
     D:3: 28 daAuts
